 Dungeon Crawl Stone Soup version 0.22-a0-252-gcace5d2 (webtiles) character file.

0 mhoghedin the Magician (level 1, -1/20 HPs)
             Began as a Gnoll Wanderer on Mar 2, 2018.
             Slain by a giant cockroach (2 damage)
             ... on level 2 of the Dungeon.
             The game lasted 00:00:38 (45 turns).

mhoghedin the Magician (Gnoll Wanderer)               Turns: 45, Time: 00:00:39

Health: -1/20      AC:  2    Str: 12    XL:     1   Next: 10%
Magic:  8/8        EV: 11    Int: 12    God:
Gold:   0          SH:  0    Dex: 18    Spells: 13/14 levels left

rFire    . . .     SeeInvis .   e - +0 dagger
rCold    . . .     Gourm    .   (no shield)
rNeg     . . .     Faith    .   d - +0 robe
rPois    .         Spirit   .   (no helmet)
rElec    .         Reflect  .   (no cloak)
rCorr    .         Harm     .   (no gloves)
MR       .....                  (no boots)
Stlth    ++........             (no amulet)
HPRegen  0.06/turn              (no ring)
MPRegen  0.11/turn              (no ring)

@: no status effects
A: distributed training, fangs 1, strong nose
a: no special abilities


You were on level 2 of the Dungeon.
You were not hungry.

You visited 1 branch of the dungeon, and saw 2 of its levels.

Inventory:

Hand Weapons
 e - a +0 dagger (weapon)
Armour
 d - a +0 robe (worn)
Scrolls
 a - a scroll of identify {unknown}
Comestibles
 f - a ration


   Skills:
 + Level 4.4 Fighting
 + Level 0.0 Short Blades
 + Level 0.0 Long Blades
 + Level 0.0 Axes
 + Level 0.0 Maces & Flails
 + Level 0.0 Polearms
 + Level 0.0 Staves
 + Level 0.0 Slings
 + Level 0.0 Bows
 + Level 0.0 Crossbows
 + Level 4.4 Throwing
 + Level 0.0 Armour
 + Level 0.0 Dodging
 + Level 2.1 Stealth
 + Level 0.0 Shields
 + Level 0.0 Unarmed Combat
 + Level 7.0 Spellcasting
 + Level 0.0 Conjurations
 + Level 0.0 Hexes
 + Level 0.0 Charms
 + Level 0.0 Summonings
 + Level 0.0 Necromancy
 + Level 3.6 Translocations
 + Level 0.0 Transmutations
 + Level 0.0 Fire Magic
 + Level 0.0 Ice Magic
 + Level 0.0 Air Magic
 + Level 0.0 Earth Magic
 + Level 0.0 Poison Magic
 + Level 0.0 Invocations
 + Level 0.0 Evocations


You had 13 spell levels left.
You knew the following spells:

 Your Spells              Type           Power        Failure   Level  Hunger
g - Apportation           Tloc           ##....       3%          1    None


Dungeon Overview and Level Annotations

Branches:
Dungeon (2/15)

Altars:


Innate Abilities, Weirdness & Mutations

Your experience applies equally to all skills.
You have very sharp teeth.
Your uncanny sense of smell can sniff out nearby items.


Message History

Welcome, mhoghedin the Gnoll Wanderer.
The bosom of this dungeon contains the fabled artefact, the Orb of Zot.
Found a whip.
Found a staircase leading out of the dungeon.
Unknown command.
Unknown command.
Unknown command.
Unknown command.
Memorise Apportation, consuming 1 spell level and leaving 13?
You start memorising the spell.
You continue memorising.
You finish memorising.
Spell assigned to 'g'.
You open the door.
There is an open door here.
a - a scroll labeled ROWINO SIGOAR A rat comes into view.
A jackal comes into view.
A rat and 3 kobolds come into view.
The helpless rat fails to defend itself.
You puncture the rat!
You kill the rat!
The kobold shouts!
The kobold throws a stone.
The stone hits you. 2 jackals come into view.
The jackal barks! x3; The kobold shouts!
The jackal moves out of view.
The kobold throws a stone.
The stone hits you.
The kobold shouts!
Found a dagger.
Found a stone staircase leading down.
You see here a stone.
The jackal misses you. The jackal barely misses you.
You hit the jackal. The jackal bites you. The jackal completely misses you.
You hit the jackal.
The jackal bites you but does no damage. x2
The jackal barely misses you. The jackal bites you.
The jackal closely misses you.
You are too injured to fight recklessly!
You are too injured to fight recklessly!
You are too injured to fight recklessly!
You take 8 damage, and have 12/20 hp.
MASSIVE DAMAGE!!
The jackal barely misses you. The jackal closely misses you.
You see here a stone.
You see here a stone.
The jackal bites you.
You take 2 damage, and have 10/20 hp.
The jackal bites you.
You take 1 damage, and have 9/20 hp.
You aren't carrying any items that you can evoke.
You aren't carrying any potions.
As you read the scroll of teleportation, it crumbles to dust.
You feel strangely unstable. The jackal bites you. x2
You take 2 damage, and have 7/20 hp.
Unknown command.
Unknown command.
The jackal barely misses you.
Your surroundings suddenly seem different.
The jackal barely misses you.
There is a stone staircase leading down here.
The jackal barely misses you.
You climb downwards. 2 bats, a giant cockroach and a hobgoblin come into view.
There is a stone staircase leading up here.
You hit the jackal but do no damage. The jackal barely misses you.
The jackal closely misses you. The jackal bites you.
* * * LOW HITPOINT WARNING * * *
You take 1 damage, and have 6/20 hp.
A rat comes into view.
The jackal bites you.
* * * LOW HITPOINT WARNING * * *
The jackal bites you.
* * * LOW HITPOINT WARNING * * *
You take 4 damage, and have 2/20 hp.
A rat comes into view.
The jackal bites you.
* * * LOW HITPOINT WARNING * * *
The giant cockroach bites you.
You die...

................#
....b..........##
................#.
.....##...........
.$....#.......g...
...........<$......
...................
.....###s..........
.......@h..........
.....###...........
... ...###...... .
....r# ......
...b..........
.......r. ..
.......##. ....#


You could see a jackal, a giant cockroach, a bat (sleeping) and 2 rats.

Vanquished Creatures
  A rat (D:1)
1 creature vanquished.

Notes
Turn   | Place    | Note
-------+----------+-------------------------------------------
     0 | D:1      | mhoghedin the Gnoll Wanderer began the quest for the Orb.
     0 | D:1      | mhoghedin set off with: a scroll of teleportation, a +0 robe, a +0 dagger, a ration
     0 | D:1      | Reached XP level 1. HP: 20/20 MP: 8/8
     2 | D:1      | Learned a level 1 spell: Apportation
    43 | D:2      | HP: 4/20 [jackal (2)]
    45 | D:2      | HP: 1/20 [jackal (1)]
    45 | D:2      | Slain by a giant cockroach

Vault maps used:
D:1:      sevenhm_arrival_forest_fort_small_4, serial_curves, eino_curves_02,
          eino_curves_01
D:2:      lemuel_doored_altar, first_ration, uniq_terence

Action                   || total
-------------------------++-------
Melee: Dagger            ||     4
  Use: Scroll            ||     1
 Stab: Sleeping          ||     1
Armor: Robe              ||     2
Dodge: Dodged            ||    12

Table legend:
 A = Spawn XP
 B = Non-spawn XP
 C = Spawn XP percentage of total XP
 D = Spawn monster count
 E = Non-spawn monster count
 F = Spawn count percentage of total count
 G = Total turns spent on level
                    A         B        C        D         E        F      G
               +---------+---------+-------+---------+---------+-------+---------
         Total |       0 |       1 |   0.0 |       0 |       1 |   0.0 |    45
               +---------+---------+-------+---------+---------+-------+---------
           D:1 |       0 |       1 |   0.0 |       0 |       1 |   0.0 |    40
               +---------+---------+-------+---------+---------+-------+---------

Vault maps used:
D:1:      sevenhm_arrival_forest_fort_small_4, serial_curves, eino_curves_02,
          eino_curves_01
D:2:      lemuel_doored_altar, first_ration, uniq_terence

Table legend:
 A = Turns spent in this place as a percentage of turns spent in the entire game.
 B = Non-inter-level travel turns spent in this place as a percentage of non-inter-level travel turns spent in the entire game.
 C = Inter-level travel turns spent in this place as a percentage of turns spent in this place.
 D = Turns resting spent in this place as a percentage of non-inter-level travel turns spent in this place.
 E = Turns spent auto-exploring this place as a percentage of non-inter-level travel turns spent in this place.
 F = Non-inter-level travel turns spent in this place divided by the number of levels of this place that you've seen.
                   A       B       C       D       E      F
               +-------+-------+-------+-------+-------+----------------------
         Total | 100.0 | 100.0 |   0.0 |   0.0 |  24.4 |  22.5
       Dungeon | 100.0 | 100.0 |   0.0 |   0.0 |  24.4 |  22.5
               +-------+-------+-------+-------+-------+----------------------

Table legend:
 A = Kills in this place as a percentage of kills in entire the game.
 B = Kills by you in this place as a percentage of kills by you in the entire game.
 C = Kills by friends in this place as a percentage of kills by friends in the entire game.
 D = Other kills in this place as a percentage of other kills in the entire game.
 E = Experience gained in this place as a percentage of experience gained in the entire game.
 F = Experience gained in this place divided by the number of levels of this place that you have seen.
                   A       B       C       D       E      F
               +-------+-------+-------+-------+-------+----------------------
         Total | 100.0 | 100.0 |   N/A |   N/A | 100.0 |   0.5
       Dungeon | 100.0 | 100.0 |   N/A |   N/A | 100.0 |   0.5
               +-------+-------+-------+-------+-------+----------------------
